 Dungeon Crawl Stone Soup version 0.25.1-8-g42b30a86e7 (webtiles) character file.

Game seed: 8537882219777525439

46 edricgarran the Chopper (level 3, -4/31 HPs)
             Began as a Minotaur Berserker on Dec 8, 2020.
             Was a Believer of Trog.
             Slain by Sigmund
             ... wielding a +0 scythe
              (7 damage)
             ... on level 2 of the Dungeon.
             The game lasted 00:03:32 (1179 turns).

edricgarran the Chopper (Minotaur Berserker)        Turns: 1179, Time: 00:03:32

Health: -4/31      AC:  6    Str: 22    XL:     3   Next: 46%
Magic:  2/2        EV:  8    Int:  4    God:    Trog [**....]
Gold:   34         SH:  0    Dex:  9    Spells: 2/2 levels left

rFire    . . .     SeeInvis .   a - +0 hand axe
rCold    . . .     Gourm    .   (no shield)
rNeg     . . .     Faith    .   j - -2 chain mail (curse)
rPois    .         Spirit   .   (helmet restricted)
rElec    .         Reflect  .   (no cloak)
rCorr    .         Harm     .   (no gloves)
MR       .....                  (no boots)
Stlth    ..........             (no amulet)
HPRegen  0.10/turn              (no ring)
MPRegen  0.08/turn              (no ring)

@: no status effects
A: retaliatory headbutt, horns 2
a: Berserk, Trog's Hand, Renounce Religion


You were on level 2 of the Dungeon.
You worshipped Trog.
Trog was pleased with you.
You were not hungry.

You visited 1 branch of the dungeon, and saw 2 of its levels.

You collected 34 gold pieces.

Inventory:

Hand Weapons
 a - a +0 hand axe (weapon)
Missiles
 d - a throwing net (quivered)
Armour
 b - a +0 animal skin
 j - a cursed -2 chain mail (worn)
Jewellery
 l - an uncursed ring of protection from magic {unknown}
Scrolls
 k - a scroll of teleportation {unknown}
Potions
 e - a potion of ambrosia {unknown}
 g - a potion of brilliance {unknown}
 h - a potion of might {unknown}
 i - 2 potions of resistance {unknown}
Comestibles
 c - a ration
 f - a chunk of flesh


   Skills:
 - Level 3.6 Fighting
 + Level 5.5 Axes
 - Level 2.4 Armour
 - Level 2.1 Dodging


You had 2 spell levels left.
You didn't know any spells.
Your spell library was empty.

Dungeon Overview and Level Annotations

Branches:
Dungeon (2/15)

Altars:

Annotations:
D:2 Sigmund


Innate Abilities, Weirdness & Mutations

You reflexively headbutt those who attack you in melee.
You have a pair of horns on your head.


Message History

Trog accepts your kill. Sigmund hits you with a +0 scythe!
You hit Sigmund. Your headbutt misses Sigmund.
Sigmund is lightly wounded.
Sigmund hits you with a +0 scythe!
* * * LOW HITPOINT WARNING * * *
You closely miss Sigmund. Your headbutt misses Sigmund.
Sigmund is lightly wounded.
You hit Sigmund.
Sigmund is lightly wounded.
Sigmund hits you but does no damage.
You barely miss Sigmund.
Sigmund is lightly wounded.
Sigmund closely misses you. You furiously retaliate!
You headbutt Sigmund. You hit Sigmund.
Sigmund is heavily wounded.
You hit Sigmund.
Sigmund is severely wounded.
Sigmund hits you with a +0 scythe!
You die...

##.###.# #+# ......(#
##...## .# ##.#####
##.....##.# #.#.##
##.......#.####
#....####.........$....
#.......+............
#....####..........
#.#.## #......@# #.###
#...)@# #.## ##...##
#..## ##'## ##...## #.#
#<....# #.#
##...#########.##
##.###.........## #.#
#.####.....# #.# #.#
##...##


You could see Sigmund.

Vanquished Creatures
  A gnoll (D:1)
  A dart slug (D:1)
  A leopard gecko (D:1)
  7 goblins
  6 hobgoblins (D:1)
  A quokka (D:2)
  6 bats
  2 frilled lizards (D:1)
  A kobold (D:1)
  6 rats
32 creatures vanquished.

Notes
Turn   | Place    | Note
-------+----------+-------------------------------------------
     0 | D:1      | edricgarran the Minotaur Berserker began the quest for the
                  | Orb.
     0 | D:1      | Reached XP level 1. HP: 19/19 MP: 0/0
    47 | D:1      | Reached skill level 4 in Axes
   117 | D:1      | Reached XP level 2. HP: 24/26 MP: 1/1
   434 | D:1      | Reached skill level 5 in Axes
   476 | D:1      | Reached ** piety under Trog
   631 | D:1      | Reached XP level 3. HP: 31/31 MP: 2/2
  1166 | D:2      | Noticed Sigmund
  1179 | D:2      | Slain by Sigmund

Illustrated notes

Levels and vault maps discovered:
D:1:      minmay_arrival_floating_metal, layout_basic
D:2:      layout_loops_corners, lemuel_crystal_altar, first_ration,
          nrook_campfire, uniq_sigmund

Skill      XL: |  1  2 |
---------------+-------+-----
Axes           | 4 5 |  5.5
Fighting       | |  3.6
Armour         | |  2.4
Dodging        | |  2.1

Action                   || total
-------------------------++-------
Melee: Hand axe          ||    70
       Headbutt          ||     8
  Eat: Chunk             ||     1
Armor: Animal skin       ||    14
       Chain mail        ||     3
Dodge: Dodged            ||    39
